 Dungeon Crawl Stone Soup version 0.28.0-45-g0d030f2227 (webtiles) character file.

Game seed: 10838158354051106065

67 seaoflcl the Skirmisher (level 4, -3/35 HPs)
             Began as a Human Fighter on Apr 23, 2022.
             Slain by a gnoll
             ... wielding a +0 halberd
              (10 damage)
             ... on level 2 of the Dungeon.
             The game lasted 00:02:47 (1690 turns).

seaoflcl the Skirmisher (Human Fighter)             Turns: 1690, Time: 00:02:48

Health: -3/35      AC: 10    Str: 18    XL:     4   Next: 40%
Magic:  4/4        EV:  9    Int:  8    God:
Gold:   171        SH:  4    Dex: 13    Spells: 3/3 levels left

rFire   . . .      SeeInvis .   a - +1 short sword (holy)
rCold   . . .      Faith    +   c - +0 buckler
rNeg    . . .      Spirit   .   j - +0 scale mail
rPois   .          Reflect  .   (no helmet)
rElec   .          Harm     .   (no cloak)
rCorr   .          Rampage  .   (no gloves)
Will    .....                   (no boots)
Stlth   ..........              l - amulet of faith
HPRegen 0.11/turn               f - +4 ring of protection
MPRegen 0.09/turn               (no ring)

@: no status effects
A: no striking features
a: no special abilities


You were on level 2 of the Dungeon.
You visited 1 branch of the dungeon, and saw 2 of its levels.

You collected 171 gold pieces.

Inventory:

Hand Weapons
 a - a +1 short sword of holy wrath (weapon)
 b - a +0 hunting sling
 k - a +0 long sword
Armour
 c - a +0 buckler (worn)
 j - a +0 scale mail (worn)
Jewellery
 f - a +4 ring of protection (left hand)
 l - an amulet of faith (around neck)
Scrolls
 i - a scroll of summoning {unknown}
Potions
 d - 2 potions of might
 e - a potion of flight {unknown}
 g - a potion of attraction {unknown}
 h - 2 potions of resistance {unknown}
 m - 2 potions of mutation {unknown}


   Skills:
 + Level 3.5 Fighting
 + Level 0.2(1.9) Short Blades
 + Level 3.1(3.2) Long Blades
 + Level 3.4 Armour
 + Level 0.5 Dodging
 + Level 0.2 Stealth
 + Level 3.0 Shields


You had 3 spell levels left.
You didn't know any spells.
Your spell library contained the following spells:

 Spells                   Type           Power      Damage    Failure   Level
 Apportation              Tloc           0%         N/A       87%         1
 Alistair's Intoxication  Tmut/Pois      0%         N/A       100%        5


Dungeon Overview and Level Annotations

Branches:
Dungeon (2/15)

Altars:

Shops:
D:1 [


Message History

The gnoll hits you but does no damage.
You hit the gnoll but do no damage.
The gnoll is severely wounded.
The gnoll hits you with a +0 club.
You hit the gnoll.
The gnoll is almost dead.
The gnoll hits you but does no damage.
You hit the gnoll.
You kill the gnoll!
You closely miss the adder. The adder misses you.
The gnoll hits you from afar with a +0 spear.
The adder bites you but does no damage.
You hit the adder.
The adder is lightly wounded.
The gnoll closely misses you. The adder barely misses you.
You barely miss the adder.
The adder is lightly wounded.
The adder bites you. You block the gnoll's attack.
You hit the adder.
The adder is heavily wounded.
The adder bites you but does no damage.
The gnoll hits you from afar with a +0 spear.
The adder bites you but does no damage.
You hit the adder.
The adder is severely wounded.
You block the gnoll's attack. The adder barely misses you.
You hit the adder.
You kill the adder!
The gnoll hits you from afar with a +0 spear!
You block the gnoll's attack.
The gnoll hits you from afar with a +0 halberd.
Items here: )) †††.
You are too injured to fight recklessly!
You are too injured to fight recklessly!
You are too injured to fight recklessly!
You are too injured to fight recklessly!
You hit the gnoll but do no damage. The gnoll hits you with a +0 spear!
* * * LOW HITPOINT WARNING * * *
The gnoll hits you from afar with a +0 halberd!
You die...

#......##.#
#......##.#
#......##.#
♣♣♣#......##'#
♣....#+##.....
♣♣.♣### #.....
♣♣♣..♣ #.....
♣♣...♣♣ +.....
♣@♣.♣♣ #.....
♣.gg♣♣♣♣
#..... ♣.♣♣
#..... ♣.
##+#.. ♣


You could see 2 gnolls.

Vanquished Creatures
  2 gnolls (D:2)
  An adder (D:2)
  2 ball pythons (D:1)
  3 endoplasms
  8 giant cockroaches (D:1)
  2 goblins (D:1)
  5 hobgoblins (D:1)
  A quokka (D:1)
  2 bats (D:1)
  2 frilled lizards (D:1)
  6 kobolds (D:1)
  2 rats (D:1)
36 creatures vanquished.

Vanquished Creatures (others)
  A fungus (D:1)
  3 toadstools (D:1)
4 creatures vanquished.

Grand Total: 40 creatures vanquished

Notes
Turn   | Place    | Note
-------+----------+-------------------------------------------
     0 | D:1      | seaoflcl the Human Fighter began the quest for the Orb.
     0 | D:1      | Reached XP level 1. HP: 18/18 MP: 1/1
   284 | D:1      | Reached XP level 2. HP: 24/24 MP: 2/2
   575 | D:1      | Reached XP level 3. HP: 29/29 MP: 3/3
  1021 | D:1      | Found Joadirhi's Armour Shop.
  1193 | D:1      | Found a faded altar of an unknown god.
  1676 | D:2      | Reached XP level 4. HP: 35/35 MP: 4/4
  1690 | D:2      | Slain by a gnoll

Illustrated notes

Levels and vault maps discovered:
D:1:      psy_arrival_terrarium, layout_basic,
          hellmonk_ecumenical_altar_inner_sanctum, serial_shops,
          nicolae_shop_advertising_works [nicolae_subvault_shop_adworks],
          minmay_gold_behind_fungi, minmay_worlds_worst_comb
D:2:      kb_forest_paths, layout_basic

Skill      XL: |  1  2  3 |
---------------+----------+-----
Long Blades    | 3 |  3.1
Fighting       | |  3.5
Short Blades   | |  0.2
Armour         | |  3.4
Dodging        | |  0.5
Stealth        | |  0.2
Shields        | |  3.0

Action                   |  1- 3 |  4- 6 || total
-------------------------+-------+-------++-------
Melee: Long sword        |   106 |       ||   106
       Short sword       |    19 |    14 ||    33
Armor: Scale mail        |    69 |     5 ||    74
Dodge: Dodged            |    54 |     6 ||    60
Block: Buckler           |    21 |     3 ||    24
